 Dungeon Crawl Stone Soup version 0.19-a0-822-g530da24 (webtiles) character file.

12 Ryco the Sneak (level 2, 0/13 HPs)
             Began as a Spriggan Enchanter on June 29, 2016.
             Slain by an adder (4 damage)
             ... on level 2 of the Dungeon.
             The game lasted 00:02:10 (259 turns).

Ryco the Sneak (Spriggan Enchanter)                  Turns: 259, Time: 00:02:11

Health: 0/13       AC:  3    Str:  4    XL:     2   Next: 20%
Magic:  1/6        EV: 18    Int: 16    God:
Gold:   24         SH:  0    Dex: 16    Spells: 2 memorised, 3 levels left

rFire  . . .     SeeInvis +     f - -2 dagger (curse)
rCold  . . .     Gourm    .     b - +1 robe
rNeg   . . .     Faith    .     (shield restricted)
rPois  .         Spirit   .     (helmet restricted)
rElec  .         Dismiss  .     (no cloak)
rCorr  .         Reflect  .     (gloves unavailable)
SustAt .         Harm     .     (boots unavailable)
MR     .....                    (no amulet)
Stlth  +++.......               (no ring)
                                (no ring)

@: very quick, not resistant to hostile enchantments, fairly stealthy
A: unfitting armour, see invisible, herbivore 3, speed 3, slow metabolism 2
a: no special abilities


You were on level 2 of the Dungeon.
You were not hungry.

You visited 1 branch of the dungeon, and saw 2 of its levels.

You collected 24 gold pieces.

Inventory:

Hand Weapons
 a - a +1 dagger
 f - a cursed -2 dagger (weapon)
Armour
 b - a +1 robe (worn)
Scrolls
 e - a scroll of enchant armour {unknown}
Books
 c - a book of Maledictions

   Spells                             Type                      Level
   a - Corona                         Hexes                        1
   b - Ensorcelled Hibernation        Hexes/Ice                    2
   c - Confuse                        Hexes                        3
   d - Tukima's Dance                 Hexes                        3
   e - Dazzling Spray                 Conjuration/Hexes            3
Comestibles
 d - a bread ration


   Skills:
 * Level 1.3 Short Blades
 + Level 3.2 Dodging
 + Level 4.6 Stealth
 + Level 2.6 Spellcasting
 + Level 4.1 Hexes


You had 3 spell levels left.
You knew the following spells:

 Your Spells              Type           Power        Failure   Level  Hunger
a - Ensorcelled Hibernat  Hex/Ice        #.....       14%         2    ##.....
b - Corona                Hex            ###....      4%          1    #......


Dungeon Overview and Level Annotations

Branches:
Dungeon (2/15)

Altars:


Innate Abilities, Weirdness & Mutations

You are tiny and cannot use many weapons and most armour.
You have supernaturally acute eyesight. (SInv)
You are a herbivore.
You cover ground extremely quickly.
You need consume almost no food.


Message History

The giant newt is heavily wounded.
The adder bites you. The giant newt closely misses you.
The adder completely misses you. The bat hits you but does no damage.
You hit the giant newt but do no damage.
The giant newt is heavily wounded.
The bat barely misses you. The giant newt closely misses you.
The adder closely misses you.
Unknown command.
The bat closely misses you. The giant newt misses you.
You miss the giant newt.
The giant newt is heavily wounded.
The giant newt misses you.
The giant cockroach bites you but does no damage.
The adder bites you.
Unknown command.
You hit the giant newt but do no damage.
The giant newt is heavily wounded.
The giant cockroach completely misses you.
The adder bites you.
You die...

..## ##.##
##.####..b .## #.#
##......... ## #.#
#........## #
##.####......##
###...# ##.###.+
..####.....###..#
.#
................#
.
...###.####<.#.s##
.
.b..b..##.....bl@#
...............#S#
...##..##..#...#.#
.. #..##.#.....##
# #..##.##...##
.s....##...#
...##.###...# .##.
#. .....=. .. ..
...... ###


You could see an adder, a giant cockroach, a bat and a giant newt.

Vanquished Creatures
  A dart slug (D:1)
  A ball python (D:1)
  2 giant cockroaches (D:1)
  A goblin (D:2)
  A hobgoblin (D:2)
  A kobold (D:2)
  3 rats (D:1)
10 creatures vanquished.

Notes
Turn   | Place    | Note
--------------------------------------------------------------
     0 | D:1      | Ryco the Spriggan Enchanter began the quest for the Orb.
     0 | D:1      | Reached XP level 1. HP: 9/9 MP: 5/5
   124 | D:1      | Reached XP level 2. HP: 7/13 MP: 6/6
   128 | D:1      | Learned a level 2 spell: Ensorcelled Hibernation
   259 | D:2      | Slain by an adder

Vault maps used:
D:1:      eino_arrival_cavern_e
D:2:      kennysheep_the_goblin_king, first_bread, minmay_divided_ellipse

Skill      XL: |  1 |
---------------+----+-----
Hexes          | 4 |  4.1
Short Blades   | |  1.3
Dodging        | |  3.2
Stealth        | |  4.6
Spellcasting   | |  2.6

Action                   || total
-------------------------++-------
Melee: Dagger            ||    38
 Cast: Corona            ||     2
       Ensorcelled Hiber ||     4
  Use: Scroll            ||     1
 Stab: Sleeping          ||     6
Armor: Robe              ||    10
Dodge: Dodged            ||    41
